[Event "FIDE Chesscom Online Nations Cup"]
[White "Zatonskih, Anna"]
[Black "Koneru, Humpy"]
[Site "Online"]
[Round "1"]
[Annotator "RC"]
[Result "0-1"]
[Date "2020.05.05"]
[WhiteElo "2327"]
[BlackElo "2483"]
[PlyCount "84"]
[TimeControl "1500+10"]

1. e4 e5 2. Nf3 Nc6 3. Nc3 Nf6 4. d4 exd4 5. Nxd4 Bb4 6. Nxc6 bxc6 7. Bd3 0-0 8. 0-0 d5 9. Bd2 Rb8 10. Re1 Re8 11. a3 Bd6 12. Bg5 d4 13. Na4 h6 14. Bh4 c5 15. b3 Bb7 16. Qf3 g5 17. Bg3 c4 18. Bxc4 Bxe4 19. Qd1 Bxg3 20. hxg3 Qd6 21. Qd2 Kg7 22. Nb2 Ba8 23. Bd3 Rxe1+ 24. Qxe1 Re8 25. Qd2 Qd5 26. f3 g4 27. Rf1 gxf3 28. Rxf3 Qh5 29. Rf5 Qg4 30. Qf2 Re6 31. Rf4 Qg5 32. Nc4 Kg8 33. Bf5 Re7 34. Rxd4 Qc1+ 35. Kh2 Re1 36. g4 Rh1+ 37. Kg3 Kg7 38. Ne3 Re1 39. Rd3 Be4 40. Rc3 Qa1 41. Rxc7 Qe5+ 42. Qf4 Rxe3+ 0-1